 Dungeon Crawl Stone Soup version 0.29-a0-72-g1732ff48e7 (webtiles) character file.

Game seed: 6853915805427825169

3765 GrayStillPlays the Ruffian (level 9, -1/89 HPs)
             Began as a Troll Transmuter on Feb 4, 2022.
             Was a Follower of Ashenzari.
             Slain by a wyvern (12 damage)
             ... on level 8 of the Dungeon.
             The game lasted 00:29:08 (7129 turns).

GrayStillPlays the Ruffian (Troll Transmuter)       Turns: 7129, Time: 00:29:08

Health: -1/89      AC:  7    Str: 20    XL:     9   Next: 94%
Magic:  15/15      EV: 10    Int: 13    God:    Ashenzari [*.....]
Gold:   435        SH:  0    Dex: 10    Spells: 11/17 levels left

rFire   . . .      SeeInvis .     - Unarmed
rCold   + . .      Faith    .   (no shield)
rNeg    . . .      Spirit   .   u - +0 troll leather armour of Ashenzari's Insecurity {Regen+, Alch, Self} (curse)
rPois   .          Reflect  .   (helmet restricted)
rElec   .          Harm     .   j - +0 cloak
rCorr   .          Rampage  .   (gloves unavailable)
Will    .....                   (boots unavailable)
Stlth   +.........              (no amulet)
HPRegen 1.84/turn               q - ring "Apathy of the Sky" {rC+, Fort, Alch} (curse)
MPRegen 0.14/turn               (no ring)

@: no status effects
A: large, unfitting armour, claws 3, regeneration 1, shaggy fur 1, tough skin 1
a: Renounce Religion, Curse Item, Shatter the Chains


You were on level 8 of the Dungeon.
You worshipped Ashenzari.
Ashenzari was aware of your devotion.
You visited 2 branches of the dungeon, and saw 9 of its levels.
You also visited: Sewer.

You collected 435 gold pieces.

Inventory:

Hand Weapons
 i - a +1 dagger of venom
Armour
 a - a +0 robe
 j - a +0 cloak (worn)
 u - the cursed +0 troll leather armour of Ashenzari's Insecurity (worn) {Regen+, Alch, Self}
   (You found it on level 5 of the Dungeon)

   Regen:     It increases your rate of health regeneration.
   It has a curse which improves the following skills: Alchemy: Poison Magic and
   Transmutations.
   Introspection: Fighting and Spellcasting.
Jewellery
 q - the cursed ring "Apathy of the Sky" (left claw) {rC+, Fort, Alch}
   (You found it on level 6 of the Dungeon)

   [ring of protection from cold]

   rC:        It protects you from cold.
   It has a curse which improves the following skills: Fortitude: Armour and
   Shields.
   Alchemy:   Poison Magic and Transmutations.
Wands
 e - a wand of polymorph (4)
 o - a wand of iceblast (16)
 x - a wand of mindburst (7)
Scrolls
 d - 5 scrolls of teleportation
 g - 2 scrolls of fog
 h - a scroll of enchant weapon
 k - a scroll of magic mapping
 n - a scroll of blinking
 s - a scroll of amnesia
 v - 4 scrolls of identify
 w - a scroll of vulnerability
 y - 2 scrolls of fear
Potions
 b - 2 potions of magic
 c - a potion of resistance
 f - 2 potions of invisibility
 l - 4 potions of curing
 m - 5 potions of flight
 p - 2 potions of degeneration
 r - a potion of haste
 t - 2 potions of brilliance
 z - a potion of might


   Skills:
 + Level 5.0(5.9) Fighting
 + Level 5.3 Dodging
 + Level 6.9 Unarmed Combat
 + Level 4.0(4.8) Spellcasting
 * Level 5.8(7.1) Transmutations


You had 11 spell levels left.
You knew the following spells:

 Your Spells              Type           Power      Damage    Failure   Level
a - Beastly Appendage     Tmut           42%        N/A       1%          1
b - Wereblood             Tmut           21%        N/A       1%          2
c - Spider Form           Tmut/Pois      12%        N/A       16%         3

Your spell library contained the following spells:

 Spells                   Type           Power      Damage    Failure   Level
 Ignite Poison            Fire/Tmut/Pois 9%         N/A       26%         3
 Corpse Rot               Necr/Air       6%         N/A       34%         2
 Sublimation of Blood     Necr           3%         N/A       34%         2
 Ice Form                 Ice/Tmut       12%        N/A       45%         4
 Petrify                  Tmut/Erth      12%        N/A       45%         4
 Conjure Flame            Conj/Fire      3%         6-21      56%         3
 Frozen Ramparts          Ice            6%         1d2       56%         3
 Irradiate                Conj/Tmut      6%         3d16      82%         5
 Dispel Undead            Necr           3%         3d7       92%         4
 Sticky Flame             Conj/Fire      3%         2d3       92%         4
 Summon Ice Beast         Ice/Summ       3%         N/A       92%         4
 Death Channel            Necr           1%         N/A       100%        6


Dungeon Overview and Level Annotations

Branches:
Dungeon (8/15)             Temple (1/1) D:6           Sewer (visited)
   Lair: D:8-11

Altars:
Ashenzari
Dithmenos
Elyvilon
Fedhas
Gozag
Hepliaklqana
Kikubaaqudgha
Nemelex Xobeh
Okawaru
Qazlal
Ru
Trog
Uskayaw
Vehumet
Wu Jian
Xom
Yredelemnul
Zin
The Shining One


Innate Abilities, Weirdness & Mutations

You are too large for most types of armour.
You have claws for hands.
Your natural rate of healing is unusually fast.
You are covered in fur. (AC +1)
You have tough skin. (AC +1)


Message History

The wyvern bites you!
* * * LOW HITPOINT WARNING * * *
You claw the wyvern!
The wyvern is almost dead.
The wyvern barely misses you.
You scratch the wyvern.
The wyvern is almost dead.
The wyvern bites you!
* * * LOW HITPOINT WARNING * * *
The wyvern bites you.
* * * LOW HITPOINT WARNING * * *
You scratch the wyvern but do no damage.
The wyvern is almost dead.
The wyvern bites you!
* * * LOW HITPOINT WARNING * * *
You feel better. The wyvern barely misses you.
Okay, then.
Aiming: Iceblast
Press: ? - help, Q - select action, (/) - cycle Shift-Dir - straight line The mass of ice explodes!
The iceblast engulfs the wyvern but does no damage.
The wyvern is almost dead.
The wyvern bites you.
* * * LOW HITPOINT WARNING * * *
The wyvern closely misses you.
You barely miss the wyvern.
The wyvern is almost dead.
The wyvern closely misses you.
You closely miss the wyvern.
The wyvern is almost dead.
The wyvern bites you but does no damage.
The wyvern bites you!
* * * LOW HITPOINT WARNING * * *
You scratch the wyvern.
The wyvern is almost dead.
The wyvern bites you but does no damage.
You barely miss the wyvern.
The wyvern is almost dead.
The wyvern bites you!
You die...

#.#.# #.#.# #.#.#
#.#.############ #.#+###
#.#............# ......#
#..............# ......# #.
################.# ......#
#.# #.....# #.†..†l..#
...)..# #.# #.....#
#.######## ......# #.#
#.....###.### #.#.###
#.###...@l......#
#.#)#####...............#
#.#)#...................#
...............##.......#
...............##(.........
..........)....##....####..
..........)....##....# ...
..........)....##....# ..
...............##.....


You could see a wyvern.

Vanquished Creatures
  Pikel (D:3)
  A troll (D:5)
  A meliai zombie (D:8)
  A wyvern (D:8)
  Eustachio (D:4)
  2 water moccasins (D:8)
  An orc warrior (D:6)
  2 sky beasts
  2 black bears
  3 ice beasts
  An ogre (D:3)
  A phantom (D:7)
  2 kobold brigands
  2 bullfrogs
  2 scorpions
  2 water moccasin zombies (D:5)
  2 water moccasin skeletons
  5 wights (D:8)
  A bullfrog zombie (D:7)
  A gnoll shaman (D:8)
  3 hounds
  3 orc priests
  A centaur skeleton (D:6)
  A bullfrog skeleton (D:6)
  Ijyb (D:2)
  3 iguanas
  Terence (D:2)
  A scorpion zombie (D:5)
  2 killer bee zombies (D:6)
  3 gnolls
  6 adders
  A river rat (Sewer)
  A shadow imp (D:6)
  7 white imps
  A worm (D:4)
  A dart slug (D:2)
  9 orcs
  A bat (D:2)
  8 endoplasms
  5 giant cockroaches
  13 goblins
  6 hobgoblins
  5 jackals
  16 kobolds
  4 quokkas
  8 ball pythons
  5 frilled lizards
  15 rats
165 creatures vanquished.

Vanquished Creatures (others)
  2 bushes (D:8)
  3 fungi (D:8)
  16 plants (D:8)
21 creatures vanquished.

Grand Total: 186 creatures vanquished

Notes
Turn   | Place    | Note
-------+----------+-------------------------------------------
     0 | D:1      | GrayStillPlays the Troll Transmuter began the quest for the
                  | Orb.
     0 | D:1      | Reached XP level 1. HP: 18/18 MP: 1/1
   115 | D:1      | Reached skill level 1 in Fighting
   116 | D:1      | Reached XP level 2. HP: 27/27 MP: 0/3
   230 | D:1      | Found a faded altar of an unknown god.
   657 | D:2      | Reached XP level 3. HP: 33/33 MP: 2/4
   827 | D:2      | Noticed Ijyb
   841 | D:2      | Killed Ijyb
   842 | D:2      | Reached XP level 4. HP: 30/41 MP: 3/5
   850 | D:2      | Noticed Terence
   918 | D:2      | Killed Terence
  1497 | D:3      | Reached XP level 5. HP: 49/49 MP: 4/6
  1526 | D:3      | Found a glowing drain.
  1541 | Sewer    | Entered a sewer
  2041 | Sewer    | Found a white marble altar of Elyvilon.
  2286 | D:3      | Found a basalt altar of Yredelemnul.
  2461 | D:3      | Found an ancient bone altar of Kikubaaqudgha.
  2478 | D:3      | You fall into a shaft and drop 3 floors!
  2492 | D:6      | Reached skill level 4 in Unarmed Combat
  2492 | D:6      | Reached XP level 6. HP: 50/57 MP: 8/8
  2612 | D:6      | Found a staircase to the Ecumenical Temple.
  2623 | Temple   | Entered the Ecumenical Temple
  2673 | Temple   | Became a worshipper of Ashenzari the Shackled
  2977 | D:6      | Noticed an ice beast
  2989 | D:6      | Killed an ice beast
  3237 | D:6      | Found a glowing golden altar of the Shining One.
  3242 | D:6      | Reached XP level 7. HP: 65/66 MP: 9/9
  3250 | D:5      | Entered Level 5 of the Dungeon
  3935 | D:4      | Noticed Pikel
  3983 | D:3      | Killed Pikel
  3984 | D:3      | Reached skill level 5 in Unarmed Combat
  3984 | D:3      | Reached XP level 8. HP: 44/75 MP: 9/11
  4093 | D:4      | Noticed Eustachio
  4140 | D:4      | Killed Eustachio
  4442 | D:5      | Learned a level 2 spell: Wereblood
  4616 | D:5      | Noticed a troll
  4692 | D:5      | Killed a troll
  4693 | D:5      | Reached skill level 6 in Unarmed Combat
  4693 | D:5      | Reached XP level 9. HP: 79/84 MP: 11/13
  5479 | D:6      | Found Vaocsyaza's Antique Weapon Shop.
  5514 | D:6      | Reached * piety under Ashenzari
  5786 | D:7      | Reached skill level 5 in Transmutations
  6271 | D:7      | Learned a level 3 spell: Spider Form
  6326 | D:8      | Reached skill level 5 in Dodging
  6977 | D:8      | Reached skill level 5 in Fighting
  7123 | D:8      | HP: 3/89 [wyvern (7)]
  7129 | D:8      | Slain by a wyvern

Illustrated notes

Levels and vault maps discovered:
D:1:      nagdon_arrival_zigzag_paths, layout_basic,
          hellmonk_ecumenical_altar_run_dry, hangedman_abyss_or_decor_stabs,
          hangedman_decor_diamond_cutter
D:2:      kennysheep_the_goblin_king, layout_basic, lemuel_another_geyser,
          uniq_terence
D:3:      wad_river_or_something, layout_basic, pf_just_have_faith,
          kiku_gazebo_pond_becter, cheibrodos_sewer_entry_drain
D:4:      layout_gridville, uniq_ijyb, uniq_eustachio, uniq_pikel
D:5:      layout_cave_pools, minmay_misc_feat_room
D:6:      black_bear_nest_1, layout_layer_cave, tso_altar, temple_pool_b,
          serial_shops, nicolae_shop_hallway_plus
D:7:      layout_rooms
D:8:      layout_basic, minmay_lair_entry_grove
Temple:   nicolae_temple_elliptical

Skill      XL: |  1  2  3  4  5  6  7  8  9 |
---------------+----------------------------+-----
Fighting       | 1 2 3 4 5 |  5.0
Dodging        | 2 3 4 5 |  5.3
Transmutations | 2 3 4 5 |  5.8
Spellcasting   | 2 3 4 |  4.0
Unarmed Combat | 4 5 6 |  6.9

Action                   |  1- 3 |  4- 6 |  7- 9 || total
-------------------------+-------+-------+-------++-------
Melee: Unarmed           |    52 |   188 |   287 ||   527
       Headbutt          |     7 |     1 |    33 ||    41
       Kick              |     4 |     4 |    54 ||    62
       Punch             |     1 |     6 |    11 ||    18
 Cast: Beastly Appendage |    11 |     6 |    31 ||    48
       Wereblood         |       |       |     6 ||     6
Invok: Curse Item        |       |       |     2 ||     2
Evoke: Wand              |       |       |     2 ||     2
  Use: Scroll            |       |     2 |     3 ||     5
       Potion            |       |       |     1 ||     1
Armor: Robe              |    13 |    66 |    34 ||   113
       Troll leather arm |       |       |    56 ||    56
Dodge: Dodged            |    21 |    92 |   135 ||   248

Table legend: (Time is in decaauts)
 A = Elapsed time spent in this place.
 B = Non-inter-level travel time spent in this place.
 C = Inter-level travel time spent in this place.
 D = Time resting spent in this place.
 E = Time spent auto-exploring this place.
 F = Levels seen in this place.
 G = Mean time per level.
                   A        B        C        D        E       F      G
               +--------+--------+--------+--------+--------+-----+--------+
         Total |   7172 |   6944 |    228 |   1027 |   3782 |  10 |  717.2 |
       Dungeon |   6344 |   6116 |    228 |    724 |   3595 |   8 |  793.0 |
        Temple |    111 |    111 |      0 |      0 |     49 |   1 |  111.0 |
         Sewer |    716 |    716 |      0 |    303 |    138 |   1 |  716.0 |
               +--------+--------+--------+--------+--------+-----+--------+

Top non-repeatable levels by time:
     D:6: 1504 daAuts
     D:7: 969 daAuts
     D:2: 910 daAuts
     D:3: 887 daAuts
   Sewer: 716 daAuts
     D:4: 630 daAuts
     D:1: 536 daAuts
     D:5: 520 daAuts
     D:8: 385 daAuts
  Temple: 111 daAuts
